 Dungeon Crawl Stone Soup version 0.30-a0-782-ge64f9170bb (webtiles) character file.

Game seed: 8232565875265546261

18474 Pooter the Cleaver (level 12, -2/108 HPs)
             Began as a Minotaur Berserker on Feb 18, 2023.
             Was an Elder of Trog.
             Slain by a death yak (4 damage)
             ... on level 2 of the Lair of Beasts on Feb 19, 2023.
             The game lasted 01:06:12 (14028 turns).

Pooter the Cleaver (Minotaur Berserker)            Turns: 14028, Time: 01:06:12

Health: -2/108     AC: 14    Str: 24    XL:     12   Next: 28%
Magic:  11/11      EV:  7    Int:  6    God:    Trog [****..]
Gold:   272        SH:  0    Dex: 11    Spells: 11/11 levels left

rFire   . . .      SeeInvis +    a - +4 battleaxe
rCold   + . .      Faith    +    (shield currently unavailable)
rNeg    . . .      Spirit   .    W - +1 plate armour {rC+}
rPois   +          Reflect  .    (helmet restricted)
rElec   .          Harm     .    c - +0 cloak
rCorr   .          Rampage  .    T - +0 pair of gloves
Will    .....                    (no boots) Stlth
                                 s - amulet of faith {!P}
HPRegen 0.38/turn                S - ring of see invisible
MPRegen 0.12/turn                P - ring of poison resistance

@: mighty, on berserk cooldown, slowed, very slow
A: horns 2, retaliatory headbutt
a: Renounce Religion, Berserk, Trog's Hand, Brothers in Arms


You were on level 2 of the Lair of Beasts.
You worshipped Trog.
Trog was greatly pleased with you.
You visited 3 branches of the dungeon, and saw 13 of its levels.
You also visited: Ossuary.

You collected 552 gold pieces.
You spent 280 gold pieces at shops.

Inventory:

Hand Weapons
 a - a +4 battleaxe (weapon)
   (You took it off a wight on level 7 of the Dungeon)
 b - a +0 shortbow
   (You took it off a centaur on level 9 of the Dungeon)
 k - a +0 dire flail
   (You took it off a wight in an ossuary)
 H - the +6 spear of Vofad {heavy, rF++ rC+ Int+2}
   (You found it on level 3 of the Dungeon)

   Int:       It affects your intelligence (+2).
   rF:        It greatly protects you from fire.
   rC:        It protects you from cold.
 L - a +1 halberd
   (You took it off Grum on level 8 of the Dungeon)
 O - a +2 scimitar of flaming
   (You took it off Erica on level 9 of the Dungeon)
 R - a +0 sling
   (You found it on level 4 of the Dungeon)
 U - a +6 trident of venom
   (You took it off a gnoll sergeant on level 9 of the Dungeon)
 V - a +2 morningstar of protection
   (You took it off an orc on level 9 of the Dungeon)
Missiles
 i - 3 poisoned darts
 j - 4 silver javelins
 p - 15 silver boomerangs
 v - 17 boomerangs (quivered)
 y - a boomerang of dispersal {!f}
 Q - 79 stones
Armour
 c - a +0 cloak (worn)
   (You found it on level 8 of the Dungeon)
 u - a +2 plate armour
   (You found it on level 4 of the Dungeon)
 T - a +0 pair of gloves (worn)
   (You found it on level 9 of the Dungeon)
 W - a +1 plate armour of cold resistance (worn)
   (You took it off an orc warrior on level 9 of the Dungeon)
Jewellery
 s - an amulet of faith (around neck) {!P}
   (You found it on level 4 of the Dungeon)
 K - a ring of willpower
   (You found it on level 8 of the Dungeon)
 P - a ring of poison resistance (right hand)
   (You bought it in a shop on level 6 of the Dungeon)
 S - a ring of see invisible (left hand)
   (You found it on level 1 of the Dungeon)
Wands
 d - a wand of iceblast (5)
   (You found it on level 8 of the Dungeon)
 e - a wand of charming (20)
   (You found it on level 4 of the Dungeon)
 f - a wand of flame (35)
   (You found it on level 8 of the Dungeon)
 x - a wand of acid (4)
   (You found it on level 1 of the Lair of Beasts)
 D - a wand of digging (7)
   (You found it on level 6 of the Dungeon)
Scrolls
 g - a scroll of butterflies
 l - 2 scrolls of torment {!r}
 n - 2 scrolls of noise {!r}
 o - 4 scrolls of poison {!r}
 r - 5 scrolls of immolation {!r}
 t - 4 scrolls of teleportation {@r4}
 C - a scroll of fear
 E - 2 scrolls of silence
 I - 2 scrolls of magic mapping
 X - a scroll of blinking
Potions
 h - 3 potions of curing {@q1}
 m - a potion of heal wounds {@q2}
 q - 2 potions of lignification {!q}
 w - a potion of invisibility {unknown}
 z - 2 potions of haste {@q3}
 A - 2 potions of flight
 B - a potion of attraction {!q}
 F - 2 potions of cancellation
 G - 2 potions of resistance {unknown}
 J - 4 potions of mutation {!q}
 M - 4 potions of might
 N - a potion of ambrosia {unknown}


   Skills:
 + Level 10.6 Fighting
 * Level 12.3(13.1) Axes
 - Level 7.3(10.8) Polearms
 * Level 11.7 Ranged Weapons
 - Level 2.4 Armour
 - Level 2.1 Dodging
 + Level 7.5 Stealth
 + Level 4.9 Evocations


You had 11 spell levels left.
You didn't know any spells.
Your spell library was empty.

Dungeon Overview and Level Annotations

Branches:
Dungeon (10/15)            Temple (0/1) D:6            Lair (2/5) D:8
  Swamp (0/4) Lair:2        Snake (0/4) Lair:2          Orc (1/2) D:9
Ossuary (visited)

Altars:
Cheibriados
Dithmenos
Gozag
Kikubaaqudgha
Qazlal
Trog
Uskayaw
Vehumet
Zin

Shops:
D:6 =   D:7 =

Annotations:
D:10 2 transporters, asti's ghost, novice MiBe


Innate Abilities, Weirdness & Mutations

You have a pair of horns on your head.
You reflexively headbutt those who attack you in melee.


Message History

You feel yourself moving faster!
You feel mighty! The death yak gores you.
You slice the death yak!!
You hear a bellow!
The death yak gores you!
You hit the death yak. You headbutt the death yak!
You cut the death yak into ribbons!!!
You kill the death yak!
Trog accepts your kill.
A death yak comes into view.
You see here a death yak corpse.
A death yak comes into view.
You feel a strong urge to attack something.
The death yak bellows!
Found a wand of charming (5) and a notched onyx ring.
The death yak gores you but does no damage.
You barely miss the death yak. You headbutt the death yak.
You slice the plant!!
The plant begins to die.
You are no longer berserk.
You are exhausted.
You feel yourself slow down. The death yak gores you.
The death yak gores you but does no damage.
You feel very mighty all of a sudden. The death yak closely misses you.
The death yak gores you but does no damage.
You completely miss the death yak. You headbutt the death yak!
You slice the plant!! You hit the death yak.
A nearby plant withers and dies.
The death yak gores you. The death yak gores you! The death yak gores you!!
The death yak gores you but does no damage.
You slice the death yak!! Your headbutt misses the death yak.
You slash the death yak!
The death yak gores you but does no damage.
The death yak gores you.
You barely miss the death yak. You slice the death yak!!
The death yak gores you. The death yak gores you!!
* * * LOW HITPOINT WARNING * * *
The death yak gores you but does no damage.
The death yak gores you!
* * * LOW HITPOINT WARNING * * *
You slice the death yak!! You slash the death yak! The death yak gores you!!
* * * LOW HITPOINT WARNING * * *
The death yak gores you but does no damage.
Unknown command.
You slice the death yak!! You headbutt the death yak!
You kill the death yak!
Trog accepts your kill.
You barely miss the death yak. The death yak gores you.
* * * LOW HITPOINT WARNING * * *
The death yak gores you.
You die...

+......## ##......# ##
....+.. +......####.
...=#.. .......# #..
../... ##.....# #..
....# .#.....##
#.#####....##.
.#......###..##.#.......
.........##+#†#Y........
................@†......
##..#####P##.######..##.
##### ###### #


You could see a death yak.

Vanquished Creatures
  Erica (D:9)
  2 death yaks (Lair:2)
  2 two-headed ogres
  2 bog bodies (Lair:2)
  Pikel (D:9)
  4 cane toads
  An unseen horror (D:10)
  Psyche (D:8)
  2 rime drakes
  A komodo dragon (Lair:1)
  2 polar bears
  2 trolls
  A hornet (D:9)
  4 blink frogs (Lair:2)
  A wyvern (Lair:2)
  16 yaks
  Grum (D:8)
  2 basilisks (Lair:1)
  2 steam dragons
  3 swamp worms (Lair:2)
  9 water moccasins
  A warg (D:9)
  2 orc warriors
  A sky beast (D:7)
  2 black bears
  3 ogres
  4 ice beasts
  18 wolves
  2 centaurs (D:9)
  A phantom (D:5)
  6 bullfrogs
  A necrophage (D:5)
  4 gnoll sergeants
  2 scorpions
  A water moccasin zombie (Ossuary)
  9 wights
  5 killer bees
  A howler monkey (D:9)
  An electric eel (Lair:2)
  3 centaur zombies (Ossuary)
  A bullfrog zombie (Ossuary)
  A gnoll bouda (D:7)
  4 hounds
  5 jellies
  2 orc priests
  3 iguanas
  7 orc wizards
  Terence (D:2)
  A scorpion zombie (Ossuary)
  6 hell rats (Lair:2)
  An ogre zombie (Ossuary)
  16 adders
  21 gnolls
  A white imp (D:7)
  3 adder zombies (Ossuary)
  2 worms (D:2)
  3 dart slugs
  26 orcs
  4 bats
  An endoplasm (D:4)
  2 giant cockroaches
  4 goblins
  7 hobgoblins
  5 jackals (D:2)
  2 quokkas (D:2)
  3 ball pythons
  A frilled lizard (D:1)
  A gnoll zombie (Ossuary)
  4 goblin zombies (Ossuary)
  3 hobgoblin zombies (Ossuary)
  10 kobolds
  3 orc zombies (Ossuary)
  6 rats
287 creatures vanquished.

Vanquished Creatures (collateral kills)
  A wolf (Lair:1)
  An orc priest (D:10)
  An orc wizard (D:10)
  An orc (D:10)
4 creatures vanquished.

Vanquished Creatures (others)
  A wolf (Lair:1)
  A killer bee (D:7)
  2 kobolds (D:8)
  12 fungi
  12 plants
28 creatures vanquished.

Grand Total: 319 creatures vanquished

Notes
Turn   | Place    | Note
-------+----------+-------------------------------------------
     0 | D:1      | Pooter the Minotaur Berserker began the quest for the Orb.
     0 | D:1      | Reached XP level 1. HP: 19/19 MP: 0/0
   554 | D:2      | Reached skill level 4 in Axes
   554 | D:2      | Reached XP level 2. HP: 24/27 MP: 1/1
   695 | D:2      | Reached skill level 1 in Stealth
   707 | D:2      | Reached XP level 3. HP: 32/33 MP: 2/2
  1006 | D:2      | Noticed Terence
  1016 | D:2      | Killed Terence
  1191 | D:2      | Reached XP level 4. HP: 34/40 MP: 3/3
  1193 | D:2      | Reached skill level 5 in Axes
  1588 | D:2      | Reached ** piety under Trog
  1942 | D:3      | Found an opulent altar of Gozag.
  2022 | D:3      | Reached XP level 5. HP: 29/47 MP: 4/4
  2186 | D:3      | Identified the +6 spear of Vofad {heavy, rF++ rC+ Int+2}
  2500 | D:4      | Reached skill level 1 in Polearms
  2586 | D:4      | Reached skill level 5 in Fighting
  2712 | D:4      | Reached XP level 6. HP: 48/56 MP: 5/5
  3053 | D:4      | Reached skill level 1 in Ranged Weapons
  3175 | D:5      | Entered Level 5 of the Dungeon
  3220 | D:5      | Reached XP level 7. HP: 59/61 MP: 6/6
  3239 | D:5      | Found an ancient bone altar of Kikubaaqudgha.
  3341 | D:5      | Found a sand-covered staircase.
  3358 | Ossuary  | Entered an ossuary
  3461 | Ossuary  | Reached *** piety under Trog
  3527 | Ossuary  | Reached skill level 5 in Polearms
  3527 | Ossuary  | Noticed a silent spectre
  3666 | D:5      | Reached XP level 8. HP: 69/70 MP: 7/7
  4117 | D:6      | Found Nihifin's Jewellery Shoppe.
  4146 | D:6      | Found a staircase to the Ecumenical Temple.
  4331 | D:6      | Reached skill level 5 in Ranged Weapons
  4477 | D:7      | Noticed a +0 short sword
  4477 | D:7      | Noticed a +0 spear
  4478 | D:7      | Noticed a +0 falchion
  4478 | D:7      | Noticed a +0 dagger
  4478 | D:7      | Noticed a +0 falchion
  4479 | D:7      | Noticed a +0 spear
  4479 | D:7      | Noticed a +0 dagger
  4502 | D:7      | Noticed a +0 short sword
  4555 | D:7      | Reached **** piety under Trog
  4598 | D:7      | Found a hide-covered altar of Uskayaw.
  4622 | D:7      | Found a snail-covered altar of Cheibriados.
  4627 | D:7      | Found a radiant altar of Vehumet.
  4627 | D:7      | Found a stormy altar of Qazlal.
  4668 | D:7      | Reached XP level 9. HP: 64/78 MP: 8/8
  4674 | D:7      | Reached skill level 6 in Axes
  5010 | D:7      | Found Luro's Jewellery Shoppe.
  5276 | D:7      | Noticed a troll
  5286 | D:7      | Killed a troll
  5394 | D:7      | Reached skill level 7 in Axes
  5802 | D:6      | Bought a ring of poison resistance for 280 gold pieces
  6146 | D:8      | Found a shadowy altar of Dithmenos.
  6205 | D:8      | Reached skill level 5 in Stealth
  6205 | D:8      | Found a bloodstained altar of Trog.
  6205 | D:8      | Noticed a rime drake
  6207 | D:8      | Found a staircase to the Lair.
  6210 | D:8      | Noticed a polar bear
  6212 | D:8      | Killed a rime drake
  6221 | D:8      | Killed a polar bear
  6224 | D:8      | Reached skill level 8 in Axes
  6505 | D:7      | Reached XP level 10. HP: 80/88 MP: 9/9
  6892 | D:8      | Noticed a two-headed ogre
  6901 | D:8      | Killed a two-headed ogre
  6902 | D:8      | Reached skill level 1 in Evocations
  7241 | D:8      | Noticed Grum
  7252 | D:8      | Killed Grum
  7372 | D:8      | Noticed Psyche
  7422 | D:8      | Killed Psyche
  7423 | D:8      | Reached skill level 9 in Axes
  8554 | D:9      | Noticed Pikel
  8560 | D:9      | Killed Pikel
  8571 | D:9      | Noticed Erica
  8628 | D:9      | Killed Erica
  8689 | D:9      | Found a staircase to the Orcish Mines.
  8757 | Orc:1    | Entered Level 1 of the Orcish Mines
  8761 | Orc:1    | Noticed an orc high priest
  8762 | Orc:1    | Noticed a cyclops
  8874 | D:9      | Reached skill level 10 in Axes
  9424 | D:9      | Identified the +0 leather armour "Hytyciq" {Dex+3}
  9434 | D:9      | Reached XP level 11. HP: 94/97 MP: 10/10
  9752 | D:9      | Found a glowing silver altar of Zin.
  9827 | D:10     | Entered Level 10 of the Dungeon
  9952 | D:10     | Found a transporter.
  9962 | D:10     | Noticed a fire dragon
  9968 | D:10     | Found a transporter.
  9972 | D:10     | Noticed asti's ghost (novice MiBe)
 10144 | D:10     | Noticed a two-headed ogre
 10171 | D:10     | Killed a two-headed ogre
 10452 | Lair:1   | Entered Level 1 of the Lair of Beasts
 10464 | Lair:1   | Reached skill level 10 in Ranged Weapons
 12020 | Lair:1   | Reached skill level 11 in Axes
 12273 | Lair:2   | Noticed a bog body
 12277 | Lair:2   | Killed a bog body
 12286 | Lair:2   | Reached skill level 10 in Fighting
 12286 | Lair:2   | Noticed a bog body
 12293 | Lair:2   | Killed a bog body
 12779 | Lair:2   | Found a staircase to the Snake Pit.
 12808 | Lair:2   | Reached XP level 12. HP: 68/106 MP: 11/11
 12828 | Lair:2   | HP: 3/107 [blink frog (13)]
 12834 | Lair:2   | Reached skill level 12 in Axes
 13810 | Lair:2   | Found a staircase to the Swamp.
 14007 | Lair:2   | Noticed a death yak
 14017 | Lair:2   | Killed a death yak
 14018 | Lair:2   | Noticed a death yak
 14019 | Lair:2   | Noticed a death yak
 14027 | Lair:2   | HP: 3/108 [death yak (21)]
 14028 | Lair:2   | Killed a death yak
 14028 | Lair:2   | Slain by a death yak

Illustrated notes

Levels and vault maps discovered:
D:1:      sevenhm_arrival_forest_fort_large_2, layout_rooms,
          hangedman_decor_growths
D:2:      layout_basic, kennysheep_generic_room_3, uniq_terence
D:3:      layout_rooms, overflow_temple_1_default
D:4:      layout_basic, grunt_decor_junction
D:5:      layout_cave_pools, mainiacjoe_overflow_concentric_impassable,
          nicolae_ossuary_entry_plus
D:6:      layout_basic, minmay_temple_entry_junction, serial_shops,
          kennysheep_mini, st_stairs_2, minmay_crystal_room
D:7:      layout_cave_pods, nicolae_uskayaw_en_pointe,
          grunt_temple_overflow_open, serial_column_ruins, column_ruins_hut,
          column_ruins_grid_1, column_ruins_open_small,
          column_ruins_columns_water, serial_shops, nicolae_square_shop
D:8:      layout_basic, lemuel_round_altar,
          nicolae_dithmenos_through_a_glass_darkly, hellmonk_lair_entry_icy,
          minmay_unpleasant_kobolds, uniq_grum, uniq_psyche
D:9:      layout_long_grid, zin_statuary, orc_0_dummy, kennysheep_small_spiral,
          serial_park_tiny_2, uniq_erica, uniq_pikel
D:10:     layout_loops_ring, gammafunk_ghost_berserking_beasts
Lair:1:   layout_cave_pods, st_stairs_4
Lair:2:   lemuel_reptile_caves, layout_regular_city,
          nicolae_swamp_entry_splash_gauntlet, guppyfry_snake_entry_island
Orc:1:    layout_caves, serial_shops, shop_statue,
          nicolae_shop_bloodbath_and_beyond, basic_altar

Skill      XL: |  1  2  3  4  5  6  7  8  9 10 11 12 |
---------------+-------------------------------------+-----
Axes           | 4 5 8 10 11 12 | 12.3
Fighting       | 4 5 6 7 8 9 10 | 10.6
Stealth        | 1 2 3 4 5 6 7 |  7.5
Polearms       | 2 3 5 7 |  7.3
Ranged Weapons | 1 3 5 8 9 11 | 11.7
Evocations     | 2 4 |  4.9
Armour         | |  2.4
Dodging        | |  2.1

Action                     |  1- 3 |  4- 6 |  7- 9 | 10-12 || total
---------------------------+-------+-------+-------+-------++-------
  Melee: Hand axe          |    42 |    49 |       |       ||    91
         Headbutt          |     8 |    12 |    50 |    63 ||   133
         Punch             |     2 |       |       |       ||     2
         Spear             |       |    55 |   127 |    12 ||   194
         Battleaxe         |       |       |    93 |   360 ||   453
   Fire: Sling             |       |     6 |    42 |     3 ||    51
         Shortbow          |       |       |       |    46 ||    46
  Throw: Stone             |     6 |       |       |       ||     6
         Boomerang         |       |       |     5 |    21 ||    26
 Invoke: Berserk           |     2 |     3 |     6 |    13 ||    24
         Trog's Hand       |       |     4 |     4 |    16 ||    24
  Evoke: Wand              |       |       |     2 |    13 ||    15
    Use: Scroll            |       |     5 |    13 |    12 ||    30
         Potion            |       |       |       |     7 ||     7
   Stab: Sleeping          |     1 |       |       |       ||     1
 Armour: Animal skin       |     5 |       |       |       ||     5
         Scale mail        |     1 |    31 |       |       ||    32
         Chain mail        |       |    17 |       |       ||    17
         Plate armour      |       |     5 |   154 |   264 ||   423
  Dodge: Dodged            |    22 |    44 |    97 |   154 ||   317

Table legend: (Time is in decaauts)
 A = Elapsed time spent in this place.
 B = Non-inter-level travel time spent in this place.
 C = Inter-level travel time spent in this place.
 D = Time resting spent in this place.
 E = Time spent auto-exploring this place.
 F = Levels seen in this place.
 G = Mean time per level.
                   A        B        C        D        E       F      G
               +--------+--------+--------+--------+--------+-----+--------+
         Total |  14387 |  13953 |    434 |   4831 |   6636 |  14 | 1027.6 |
       Dungeon |  10485 |  10103 |    382 |   3201 |   5111 |  10 | 1048.5 |
          Lair |   3676 |   3624 |     52 |   1592 |   1464 |   2 | 1838.0 |
  Orcish Mines |      6 |      6 |      0 |      0 |      0 |   1 |    6.0 |
       Ossuary |    218 |    218 |      0 |     38 |     61 |   1 |  218.0 |
               +--------+--------+--------+--------+--------+-----+--------+

Top non-repeatable levels by time:
     D:8: 2333 daAuts
  Lair:1: 1987 daAuts
     D:7: 1928 daAuts
  Lair:2: 1688 daAuts
     D:2: 1378 daAuts
     D:9: 1290 daAuts
     D:4: 776 daAuts
    D:10: 600 daAuts
     D:5: 577 daAuts
     D:1: 542 daAuts
     D:3: 540 daAuts
     D:6: 517 daAuts
 Ossuary: 218 daAuts
   Orc:1: 6 daAuts
